 Dungeon Sprint DCSS version 0.30-a0-118-ga018f8e90f (webtiles) character file.

Game seed: 4152015953838186068

18620 mhtbhm the Metallomancer (level 12, -1/66 HPs)
             Began as a Gargoyle Earth Elementalist on Sept 13, 2022.
             Was the Champion of Vehumet.
             Slain by a Killer Klown
             ... wielding a +12 club of freezing
              (6 damage)
             ... in the Dungeon (Sprint VII: "The Pits").
             The game lasted 00:10:41 (3996 turns).

mhtbhm the Metallomancer (GrEE)                     Turns: 3996, Time: 00:10:42

Health: -1/66      AC: 13    Str: 16    XL:     12   Next: 60%
Magic:  23/35      EV: 16    Int: 20    God:    Vehumet [******]
Gold:   36         SH:  0    Dex: 10    Spells: 11/49 levels left

rFire   . . .      SeeInvis .    k - +2 morningstar (protect)
rCold   . . .      Faith    .    (no shield)
rNeg    + . .      Spirit   .    a - +1 animal skin
rPois   ∞          Reflect  .    (no helmet)
rElec   +          Harm     .    q - +0 cloak
rCorr   .          Rampage  .    p - +0 pair of gloves
Will    .....      NoTele   +    (no boots)
Stlth   +++.......               (no amulet)
HPRegen 0.21/turn                m - +3 ring of strength
MPRegen 0.24/turn                n - +3 ring of evasion

@: hasted, very quick
A: sickness immunity, AC +8, negative energy resistance 1, electricity
resistance, torment resistance 1, petrification resistance
a: Renounce Religion


You were in the Dungeon.
You worshipped Vehumet.
Vehumet was exalted by your worship.
You visited 1 branch You collected 36 gold pieces.

Inventory:

Hand Weapons
 k - a +2 morningstar of protection (weapon)
Missiles
 y - 2 throwing nets
Armour
 a - a +1 animal skin (worn)
 p - a +0 pair of gloves (worn)
 q - a +0 cloak (worn)
Jewellery
 m - a +3 ring of strength (left hand)
 n - a +3 ring of evasion (right hand)
 z - a ring of see invisible
 A - a ring of positive energy
 B - a ring of willpower
Wands
 l - a wand of quicksilver (5)
 x - a wand of paralysis (10)
Scrolls
 g - 2 scrolls of blinking
 i - 5 scrolls of amnesia
 j - a scroll of summoning
 r - 4 scrolls of enchant armour
 s - a scroll of identify
 t - 2 scrolls of butterflies
 u - 4 scrolls of enchant weapon
Potions
 c - 8 potions of curing
 d - 16 potions of heal wounds
 e - 3 potions of haste
 f - 4 potions of berserk rage
 h - 2 potions of invisibility
 o - 2 potions of might
 v - 3 potions of brilliance
 w - 3 potions of mutation
Miscellaneous
 C - a condenser vane


   Skills:
 + Level 4.2 Fighting
 + Level 5.5 Dodging
 + Level 5.8 Stealth
 + Level 19.3 Spellcasting
 + Level 8.2 Conjurations
 + Level 0.7 Hexes
 + Level 1.7 Transmutations
 + Level 24.3 Earth Magic
 + Level 0.2 Evocations


You had 11 spell levels left.
You knew the following spells:

 Your Spells              Type           Power      Damage    Failure   Level
a - Sandblast             Erth           100%       2d20      0%          1
b - Passwall              Tmut/Erth      53%        N/A       1%          2
c - Stone Arrow           Conj/Erth      100%       3d13      0%          3
d - Petrify               Tmut/Erth      64%        N/A       1%          4
e - Dazzling Flash        Conj/Hex       74%        N/A       1%          3
f - Lee's Rapid Deconstr  Erth           43%        3d22*     0%          5
g - Orb of Destruction    Conj           25%        9d9       19%         7
h - Freezing Cloud        Conj/Ice/Air   15%        6-21      7%          5
i - Lehudib's Crystal Sp  Conj/Erth      35%        10d9      6%          8

Your spell library contained the following spells:

 Spells                   Type           Power      Damage    Failure   Level
 Shatter                  Erth           43%        3d33*     3%          9
 Maxwell's Capacitive Co  Air            9%         ∞         100%        8
 Chain Lightning          Conj/Air       17%        3d23      100%        9


Dungeon Overview and Level Annotations

Branches:
Dungeon (1/1)

Altars:
Ashenzari
Cheibriados
Dithmenos
Elyvilon
Fedhas
Gozag
Hepliaklqana
Kikubaaqudgha
Makhleb
Nemelex Xobeh
Okawaru
Qazlal
Ru
Sif Muna
Trog
Uskayaw
Vehumet
Wu Jian
Xom
Yredelemnul
Zin
The Shining One
Jiyva
Lugonu

Annotations:
D Nergalle


Innate Abilities, Weirdness & Mutations

You are immune to sickness and miasma.
Your stone body is resilient. (AC +8)
You are immune to poison.
You resist negative energy. (rN+)
You are resistant to electric shocks. (rElec)
You are resistant to unholy torment.
You are immune to petrification.


Message History

Confirm with . or Enter, or press ? or * to list all spells.
Aiming: Lee's Rapid Deconstruction (safe; 0% risk of failure)
Press: ? - help, Dir - move target A metal wall.
Okay, then.
Casting: Lee's Rapid Deconstruction (safe; 0% risk of failure)
Confirm with . or Enter, or press ? or * to list all spells.
Okay, then.
Casting: Lee's Rapid Deconstruction (safe; 0% risk of failure)
Confirm with . or Enter, or press ? or * to list all spells.
The spell is quite dangerous to miscast (6% risk of failure)!
Continue anyway?
Aiming: Lehudib's Crystal Spear (quite dangerous; 6% risk of failure)
Press: ? - help, Shift-Dir - straight line, f - alligator snapping turtle
Aim: an alligator snapping turtle (moderately wounded, 100% to hit)
The crystal spear hits the alligator snapping turtle!!!
The alligator snapping turtle is severely wounded.
The death knight's dark mirror aura disappears.
Unknown command.
Unknown command.
Magic courses through your body.
Nergalle gestures at you while chanting.
Orcish apparitions take form around you.
The death knight mumbles some strange prayers to Yredelemnul against you.
Your body is wracked with pain!
Unknown command.
Casting: Lehudib's Crystal Spear (quite dangerous; 6% risk of failure)
Confirm with . or Enter, or press ? or * to list all spells.
Aiming: Lee's Rapid Deconstruction (safe; 0% risk of failure)
Press: ? - help, Dir - move target, p - alligator snapping turtle A metal wall.
The metal wall shatters!
The blast of metal fragments hits the Killer Klown!!
The Killer Klown is heavily wounded.
The blast of metal fragments hits the spectral orc warrior!
The spectral orc warrior is moderately damaged.
The spectral orc knight hits you with a +0 great sword!
The Killer Klown sucker-punches you with a +12 club of freezing!!
* * * LOW HITPOINT WARNING * * *
The Killer Klown freezes you.
You die...

#####++#####
#..........#
#..........#
+..#....#..#
+.Z........#
#@pZ.......#
#..#t...#..#
+..........#
+...†......#
#S.#....#..#
#.po.......+
#..........+
###''####''#
###§'####''#######


You could see a Killer Klown, an alligator snapping turtle, a death knight, an
anaconda, Nergalle, a spectral orc warrior (summoned) and a spectral orc knight
(summoned).

Vanquished Creatures
  A frost giant (D)
  An emperor scorpion (D)
  A great orb of eyes (D)
  2 anacondas (D)
  A merfolk avatar (D)
  An ogre mage (D)
  3 two-headed ogres (D)
  A vampire mage (D)
  A shadow wraith (D)
  2 deep trolls (D)
  A wizard (D)
  A lindwurm (D)
  2 bog bodies (D)
  A deep elf zephyrmancer (D)
  4 black mambas (D)
  A gargoyle (D)
  A molten gargoyle (D)
  A komodo dragon (D)
  A rime drake (D)
  An efreet (D)
  2 guardian mummies (D)
  An ice devil (D)
  2 hellwings (D)
  A tyrant leech (D)
  A snapping turtle (D)
  A shadow (D)
  A fire elemental (D)
  6 yaks (D)
  A basilisk (D)
  Grum (D)
  2 redbacks (D)
  A warg (D)
  An acid dragon (D)
  Edmund (D)
  2 orc warriors (D)
  4 ogres (D)
  2 centaurs (D)
  3 phantoms (D)
  A bullfrog (D)
  2 necrophages (D)
  A jelly (D)
  2 quasits (D)
  A hound (D)
  An orc priest (D)
  2 hell rats (D)
  5 orc wizards (D)
  2 adders (D)
  9 orcs (D)
  A ball python (D)
  A bat skeleton (D)
  An endoplasm (D)
  3 giant cockroaches (D)
  A goblin (D)
  A hobgoblin (D)
  A frilled lizard (D)
  2 kobolds (D)
  A rat (D)
99 creatures vanquished.

Notes
Turn   | Place    | Note
-------+----------+-------------------------------------------
     0 | D        | mhtbhm the Gargoyle Earth Elementalist began the quest for
                  | the Orb.
     0 | D        | Reached XP level 1. HP: 10/10 MP: 3/3
    28 | D        | Reached skill level 4 in Earth Magic
   102 | D        | Found a bloodstained altar of Trog.
   102 | D        | Found a shimmering blue altar of Sif Muna.
   102 | D        | Found a viscous altar of Jiyva.
   102 | D        | Found a hazy altar of Hepliaklqana.
   102 | D        | Found an opulent altar of Gozag.
   103 | D        | Found a glowing golden altar of the Shining One.
   103 | D        | Found a glowing silver altar of Zin.
   103 | D        | Found a basalt altar of Yredelemnul.
   103 | D        | Found a shimmering altar of Xom.
   103 | D        | Found an ornate altar of the Wu Jian Council.
   103 | D        | Found a sacrificial altar of Ru.
   103 | D        | Found a stormy altar of Qazlal.
   103 | D        | Found an iron altar of Okawaru.
   103 | D        | Found a sparkling altar of Nemelex Xobeh.
   103 | D        | Found a burning altar of Makhleb.
   103 | D        | Found a blossoming altar of Fedhas.
   103 | D        | Found a white marble altar of Elyvilon.
   103 | D        | Found a shadowy altar of Dithmenos.
   103 | D        | Found a snail-covered altar of Cheibriados.
   105 | D        | Found a radiant altar of Vehumet.
   105 | D        | Found a corrupted altar of Lugonu.
   106 | D        | Found a hide-covered altar of Uskayaw.
   106 | D        | Found an ancient bone altar of Kikubaaqudgha.
   106 | D        | Found a broken altar of Ashenzari.
   115 | D        | Became a worshipper of Vehumet
   156 | D        | Reached XP level 2. HP: 15/15 MP: 1/5
   157 | D        | Reached skill level 5 in Earth Magic
   211 | D        | Learned a level 2 spell: Passwall
   216 | D        | Reached * piety under Vehumet
   216 | D        | Offered knowledge of Freeze by Vehumet.
   230 | D        | Noticed a centaur
   232 | D        | Reached skill level 1 in Transmutations
   232 | D        | Reached ** piety under Vehumet
   239 | D        | Killed a centaur
   240 | D        | Reached skill level 7 in Earth Magic
   240 | D        | Reached XP level 3. HP: 6/20 MP: 3/9
   240 | D        | Reached XP level 4. HP: 7/24 MP: 3/10
   244 | D        | Learned a level 3 spell: Stone Arrow
   249 | D        | Learned a level 4 spell: Petrify
   502 | D        | Noticed an ogre
   504 | D        | Noticed a bullfrog
   504 | D        | Noticed an orc warrior
   505 | D        | Killed an ogre
   505 | D        | Offered knowledge of Poisonous Vapours by Vehumet.
   506 | D        | Reached skill level 1 in Fighting
   506 | D        | Reached skill level 5 in Spellcasting
   506 | D        | Reached skill level 9 in Earth Magic
   506 | D        | Reached XP level 5. HP: 29/29 MP: 7/13
   508 | D        | Reached skill level 10 in Earth Magic
   508 | D        | Reached XP level 6. HP: 34/34 MP: 9/15
   508 | D        | Reached *** piety under Vehumet
   514 | D        | Killed an orc warrior
   515 | D        | Reached skill level 1 in Conjurations
   515 | D        | Reached skill level 11 in Earth Magic
   523 | D        | Reached **** piety under Vehumet
   524 | D        | Reached skill level 12 in Earth Magic
   525 | D        | Reached XP level 7. HP: 40/40 MP: 5/18
   704 | D        | Offered knowledge of Dazzling Flash by Vehumet.
   738 | D        | Learned a level 3 spell: Dazzling Flash
   740 | D        | Noticed Grum
   744 | D        | Killed Grum
   744 | D        | Offered knowledge of Frozen Ramparts by Vehumet.
   745 | D        | Reached skill level 5 in Stealth
   893 | D        | Noticed Edmund
   895 | D        | Offered knowledge of Lee's Rapid Deconstruction by Vehumet.
   899 | D        | Killed Edmund
   899 | D        | Reached ***** piety under Vehumet
   900 | D        | Reached skill level 13 in Earth Magic
   903 | D        | Reached XP level 8. HP: 40/45 MP: 7/21
   983 | D        | Noticed a black mamba
   983 | D        | Noticed a shadow
   987 | D        | Killed a shadow
  1095 | D        | Learned a level 5 spell: Lee's Rapid Deconstruction
  1097 | D        | Offered knowledge of Hailstorm by Vehumet.
  1113 | D        | Killed a black mamba
  1114 | D        | Reached skill level 10 in Spellcasting
  1114 | D        | Reached skill level 14 in Earth Magic
  1120 | D        | Reached skill level 5 in Conjurations
  1369 | D        | Noticed a hellwing
  1369 | D        | Noticed a bog body
  1370 | D        | Killed a bog body
  1371 | D        | Reached skill level 15 in Earth Magic
  1371 | D        | Reached XP level 9. HP: 49/49 MP: 21/24
  1375 | D        | Killed a hellwing
  1433 | D        | Noticed a black mamba
  1434 | D        | Noticed a black mamba
  1436 | D        | Killed a black mamba
  1437 | D        | Reached skill level 16 in Earth Magic
  1437 | D        | Killed a black mamba
  1442 | D        | Offered knowledge of Orb of Destruction by Vehumet.
  1446 | D        | Noticed a gargoyle
  1455 | D        | Killed a gargoyle
  1456 | D        | Reached skill level 5 in Dodging
  1456 | D        | Reached skill level 17 in Earth Magic
  1456 | D        | Reached ****** piety under Vehumet
  1689 | D        | Reached XP level 10. HP: 56/56 MP: 23/27
  1763 | D        | Learned a level 7 spell: Orb of Destruction
  1783 | D        | Noticed a deep elf zephyrmancer
  1788 | D        | Offered knowledge of Iron Shot by Vehumet.
  1789 | D        | Reached skill level 18 in Earth Magic
  1790 | D        | Killed a deep elf zephyrmancer
  1792 | D        | Reached skill level 19 in Earth Magic
  1813 | D        | Noticed a deep troll
  1817 | D        | Killed a deep troll
  1819 | D        | Reached skill level 15 in Spellcasting
  1889 | D        | Noticed a bog body
  1889 | D        | Noticed a wizard
  1889 | D        | Noticed a merfolk avatar
  1896 | D        | Killed a bog body
  1897 | D        | Reached skill level 20 in Earth Magic
  1897 | D        | Reached XP level 11. HP: 21/60 MP: 26/30
  2042 | D        | Killed a wizard
  2042 | D        | Offered knowledge of Freezing Cloud by Vehumet.
  2049 | D        | Learned a level 5 spell: Freezing Cloud
  2157 | D        | Noticed a deep troll
  2184 | D        | Killed a merfolk avatar
  2214 | D        | Reached skill level 21 in Earth Magic
  2216 | D        | Killed a deep troll
  2333 | D        | Offered knowledge of Lightning Bolt by Vehumet.
  2336 | D        | Noticed a great orb of eyes
  2343 | D        | Killed a great orb of eyes
  2731 | D        | Offered knowledge of Conjure Ball Lightning by Vehumet.
  3032 | D        | Killed a shadow wraith
  3033 | D        | Reached skill level 22 in Earth Magic
  3134 | D        | Noticed an emperor scorpion
  3144 | D        | Killed an emperor scorpion
  3534 | D        | Noticed an anaconda
  3541 | D        | Killed an anaconda
  3542 | D        | Reached XP level 12. HP: 53/66 MP: 19/34
  3716 | D        | Noticed a vampire mage
  3720 | D        | Killed a vampire mage
  3720 | D        | Offered knowledge of Lehudib's Crystal Spear by Vehumet.
  3721 | D        | Reached skill level 23 in Earth Magic
  3790 | D        | Noticed an ogre mage
  3790 | D        | Noticed a two-headed ogre
  3790 | D        | Noticed a two-headed ogre
  3793 | D        | Noticed a two-headed ogre
  3794 | D        | Killed an ogre mage
  3800 | D        | Killed a two-headed ogre
  3800 | D        | Killed a two-headed ogre
  3802 | D        | Killed a two-headed ogre
  3927 | D        | Learned a level 8 spell: Lehudib's Crystal Spear
  3975 | D        | Noticed an alligator snapping turtle
  3975 | D        | Noticed a death knight
  3975 | D        | Noticed a frost giant
  3975 | D        | Noticed an anaconda
  3975 | D        | Noticed a Killer Klown
  3975 | D        | Noticed Nergalle
  3975 | D        | Noticed a nagaraja
  3975 | D        | Noticed an anaconda
  3983 | D        | Killed a frost giant
  3983 | D        | Offered knowledge of Shatter by Vehumet.
  3983 | D        | Offered knowledge of Chain Lightning by Vehumet.
  3983 | D        | Offered knowledge of Maxwell's Capacitive Coupling by
                  | Vehumet.
  3984 | D        | Reached skill level 24 in Earth Magic
  3987 | D        | Killed an anaconda
  3996 | D        | Slain by a Killer Klown

Illustrated notes

Levels and vault maps discovered:
D:        pitsprint [storerooms_1, entrance_room_1, metal_vault_4, armoury_1,
          mini_pit_1, grid_room_1, main_hall_1, silver_pit, the_coven_1,
          the_vestibule_1, steel_vault_3, golden_pit, hallway_of_sentries,
          crystal_vault_5, iron_vault_2, final_vault]

Skill      XL: |  1  2  3  4  5  6  7  8  9 10 11 12 |
---------------+-------------------------------------+-----
Earth Magic    | 4 7 9 10 12 13 15 17 20 22 24 | 24.3
Dodging        | 2 3 4 5 |  5.5
Stealth        | 3 4 5 |  5.8
Transmutations | 1 |  1.7
Spellcasting   | 4 5 6 7 9 11 13 15 18 19 | 19.3
Fighting       | 1 2 3 4 |  4.2
Conjurations   | 1 3 5 6 7 8 |  8.2
Hexes          | |  0.7
Evocations     | |  0.2

Action                   |  1- 3 |  4- 6 |  7- 9 | 10-12 || total
-------------------------+-------+-------+-------+-------++-------
Melee: Unarmed           |     3 |       |       |       ||     3
 Cast: Sandblast         |    17 |    10 |     5 |    12 ||    44
       Stone Arrow       |       |     7 |    14 |    24 ||    45
       Dazzling Flash    |       |       |     1 |       ||     1
       Lee's Rapid Decon |       |       |    17 |    64 ||    81
       Petrify           |       |       |       |     1 ||     1
       Lehudib's Crystal |       |       |       |     1 ||     1
Evoke: Wand              |       |       |       |     1 ||     1
  Use: Potion            |     1 |     3 |     1 |     3 ||     8
Armor: Robe              |    11 |     4 |     4 |       ||    19
       Animal skin       |       |       |     1 |     4 ||     5
Dodge: Dodged            |    16 |    12 |    10 |    13 ||    51

Table legend: (Time is in decaauts)
 A = Elapsed time spent in this place.
 B = Non-inter-level travel time spent in this place.
 C = Inter-level travel time spent in this place.
 D = Time resting spent in this place.
 E = Time spent auto-exploring this place.
 F = Levels seen in this place.
 G = Mean time per level.
                   A        B        C        D        E       F      G
               +--------+--------+--------+--------+--------+-----+--------+
         Total |   4019 |   4019 |      0 |   2942 |     26 |   1 | 4019.0 |
       Dungeon |   4019 |   4019 |      0 |   2942 |     26 |   1 | 4019.0 |
               +--------+--------+--------+--------+--------+-----+--------+

Top non-repeatable levels by time:
       D: 4019 daAuts
